 Dungeon Crawl Stone Soup version 0.31.0-9-g3a7656b989 (webtiles) character file.

Game seed: 17639043585320864255

23 Amaterasu the Ruffian (level 3, 31/31 HPs)
             Began as a Naga Shapeshifter on Jan 24, 2024.
             Quit the game on level 1 of the Dungeon.
             The game lasted 00:00:50 (357 turns).

Amaterasu the Ruffian (Naga Shapeshifter)            Turns: 357, Time: 00:00:50

Health: 31/31      AC:  2    Str: 18    XL:     3   Next: 0%
Magic:  3/3        EV:  9    Int: 10    God:
Gold:   43         SH:  0    Dex: 10    Spells: 2/2 levels left

rFire   . .          .
                       - Unarmed
rCold   . . .        (no shield)
rNeg    . . .        a - +0 animal skin
rPois   +            (helmet currently unavailable)
rElec   .            (cloak currently unavailable)
rCorr   .            (gloves currently unavailable)
SInv    +            (no barding)
Will    .....        (no amulet)
Stlth   +            (no ring)
HPRegen 0.25/turn    (no ring)
MPRegen 0.08/turn

%: no passive effects
@: beast-form, very slow
A: beast (slay +1), AC +1, large, see invisible, deformed body, poison
resistance, slowness 2, spit poison 1, naga tail 1
a: Spit Poison, Begin Untransformation


You were on level 1 of the Dungeon.
You were a hulking beast.
You visited 1 branch of the dungeon, and saw 1 of its levels.

You collected 43 gold pieces.

Inventory:

Armour
 a - a +0 animal skin (worn)
Talismans
 c - a beast talisman (active)
 d - a flux talisman
Scrolls
 g - 4 scrolls of identify {unknown}
Potions
 b - a potion of lignification
 e - a potion of might {unknown}
 f - a potion of invisibility {unknown}
 h - a potion of attraction {unknown}
 i - 2 potions of curing {unknown}


   Skills:
 * Level 1.2 Fighting
 - Level 1.5 Dodging
 * Level 3.4 Unarmed Combat
 * Level 3.4 Shapeshifting


You had 2 spell levels left.
You didn't know any spells.
Your spell library contained the following spells:

 Spells                   Type           Power      Damage    Failure   Level
 Kiss of Death            Conj/Necr      0%         2d5       36%         1
 Confusing Touch          Hex            0%         N/A       75%         3
 Dispel Undead            Necr           0%         3d6       98%         4


Dungeon Overview and Level Annotations

Branches:
Dungeon (1/15)

Altars:


Innate Abilities, Weirdness & Mutations

You are a hulking beast.
Your limbs bulge with bestial killing power. (Slay +1)
Your serpentine skin is tough. (AC +1)
You have supernaturally acute eyesight. (SInv)
Armour fits poorly on your strangely shaped body.
Your system is resistant to poisons. (rPois)
You cover ground very slowly.
You can spit poison.
You have a snake-like lower body.


Message History

There is a faded altar of an unknown god here.
i - 2 fizzy grey potions (gained 1)
You now have 43 gold pieces (gained 10).
A ball python comes into view.
The ball python hisses angrily.
A ball python is nearby!
You punch the ball python!
You kill the ball python!
No target in view!
No target in view!
You see here a ball python corpse.
A quokka comes into view.
The quokka misses you.
You completely miss the quokka. The quokka closely misses you.
You hit the quokka.
The quokka is moderately wounded.
The quokka barely misses you.
You hit the quokka.
The quokka is almost dead.
The quokka closely misses you. The quokka barely misses you.
You punch the quokka!
You kill the quokka!
No target in view!
No target in view!
A kobold comes into view. It is wielding a +0 short sword.
The kobold shouts!
The kobold throws a stone.
The stone closely misses you.
A kobold is nearby!
A kobold is nearby!
An endoplasm comes into view.
The endoplasm quivers.
The kobold barely misses you.
The kobold hits you with a +0 short sword.
You hit the kobold.
You kill the kobold!
You have reached level 3!
Your experience leads to an increase in your attributes!
Increase (S)trength, (I)ntelligence, or (D)exterity?
You feel stronger. x2; Your skin feels tougher.
Are you sure you want to abandon this character and quit the game? (Confirm with "yes".)

.#...#.## #†####
#.##)..# #.#
.#.#...## #.#
.##.##..##.## #.#
...#.#....... #.#
#..##.####. #.#
#....#..)# # #.#
#....#...# ##.#.#
..(..#).)# .#.#.h#
...##)####...###J#
...#)#.....# ..#
.##.##†.#### .#.#
.#.#....# #.#.#
#.##..### # #.#
.#...## #.#
##...########....#
..............#


You could see an endoplasm.

Vanquished Creatures
  4 endoplasms (D:1)
  A giant cockroach (D:1)
  2 hobgoblins (D:1)
  A jackal (D:1)
  6 kobolds (D:1)
  4 quokkas (D:1)
  A ball python (D:1)
  A rat (D:1)
20 creatures vanquished.

Notes
Turn   | Place    | Note
-------+----------+-------------------------------------------
     0 | D:1      | Amaterasu the Naga Shapeshifter began the quest for the
                  | Orb.
     0 | D:1      | Reached XP level 1. HP: 18/18 MP: 1/1
   142 | D:1      | Reached XP level 2. HP: 25/25 MP: 2/2
   312 | D:1      | Found a faded altar of an unknown god.
   357 | D:1      | Reached XP level 3. HP: 31/31 MP: 3/3
   357 | D:1      | Quit the game

Illustrated notes

Levels and vault maps discovered:
D:1:      dpeg_arrival_shelter, layout_loops_ring, basic_ecumenical_altar,
          minmay_vboxes

Action                     || total
---------------------------++-------
  Melee: Unarmed           ||    57
         Punch             ||     2
 Armour: Animal skin       ||    18
  Dodge: Dodged            ||    28
   Form: Beast             ||     1
